 Dungeon Crawl Stone Soup version 0.20-a0-217-g17e8ceb (webtiles) character file.

1511 Leszczynek the Cleaver (level 8, -2/62 HPs)
             Began as a Vampire Wanderer on Nov 28, 2016.
             Was a Follower of Okawaru.
             Slain by a killer bee (3 damage)
             ... on level 6 of the Dungeon.
             The game lasted 00:15:16 (6689 turns).

Leszczynek the Cleaver (Vampire Wanderer)           Turns: 6689, Time: 00:15:17

Health: -2/62      AC: 13    Str: 13 (15) XL:     8   Next: 53%
Magic:  8/8        EV: 11    Int: 13 (14) God:    Okawaru [*.....]
Gold:   289        SH:  0    Dex: 10 (12) Spells: 7/7 levels left

rFire  . . .     SeeInvis +     b - +0 war axe
rCold  + . .     Gourm    .     m - +0 ring mail
rNeg   + + .     Faith    .     (no shield)
rPois  +         Spirit   .     f - +0 helmet
rElec  .         Reflect  .     (no cloak)
rCorr  .         Harm     .     (no gloves)
MR     .....                    k - +1 pair of boots
Stlth  ++........               (no amulet)
                                t - ring of poison resistance
                                d - +5 ring of protection

@: regenerating slowly
A: fangs 3, see invisible, unbreathing
a: Bat Form, Heroism, Renounce Religion


You were on level 6 of the Dungeon.
You worshipped Okawaru.
Okawaru was aware of your devotion.
You were thirsty.

You visited 2 branches of the dungeon, and saw 7 of its levels.

You collected 289 gold pieces.

Inventory:

Hand Weapons
 a - a +3 hand axe
 b - a +0 war axe (weapon)
Missiles
 q - 7 tomahawks (quivered)
Armour
 f - a +0 helmet (worn)
 k - a +1 pair of boots (worn)
 m - a +0 ring mail (worn)
 x - a +0 scale mail
Jewellery
 d - a +5 ring of protection (left hand)
 t - a ring of poison resistance (right hand)
Wands
 l - a wand of disintegration (9/24)
 n - a wand of heal wounds (0/9)
Scrolls
 g - a scroll of magic mapping
 i - 5 scrolls of remove curse
 r - a scroll of enchant weapon
Potions
 c - 5 potions of curing
 e - 11 potions of blood {@q0}
 j - a potion of cancellation
 o - a potion of magic


   Skills:
 * Level 5.3 Fighting
 + Level 8.8 Axes
 - Level 1.0 Armour
 - Level 2.1 Dodging
 - Level 1.5 Stealth
   Level 1.0 Shields


You had 7 spell levels left.
You didn't know any spells.

Dungeon Overview and Level Annotations

Branches:
Dungeon (6/15)             Temple (1/1) D:5

Altars:
Cheibriados
Dithmenos
Elyvilon
Fedhas
Gozag
Hepliaklqana
Kikubaaqudgha
Makhleb
Okawaru
Ru
Uskayaw
Vehumet
Xom
Zin
The Shining One

Annotations:
D:2 1 runed door (yiuf)


Innate Abilities, Weirdness & Mutations

You heal slowly.
You have razor-sharp teeth.
You have supernaturally acute eyesight. (SInv)
You can survive without breathing.


Message History

The killer bee barely misses you.
The jelly jiggles.
Unknown command.
You feel better. The killer bee completely misses you.
The killer bee stings you.
* * * LOW HITPOINT WARNING * * *
The scorpion stings you but does no damage.
The killer bee barely misses you. The killer bee completely misses you.
The jelly hits you but does no damage.
Unknown command.
You slash the killer bee!
The killer bee is almost dead.
You miss the killer bee. You slash the jelly!
Your hands burn!
* * * LOW HITPOINT WARNING * * *
You hit the scorpion but do no damage. The killer bee barely misses you.
The killer bee stings you.
* * * LOW HITPOINT WARNING * * *
The scorpion stings you but does no damage.
The killer bee stings you.
You die...

.## #............. .8#
#..O.....#.... .####
### #......< ##.
.##8###8### ......#....
..........####.##...s.#
.................#
..........#....#%#
.##8###8###....Js#
.#### ### #...##@# .8#
#....yy# .## #...(###
.# #...## .# #...# .8
#...# .## #... ####


You could see a scorpion, a jelly and 2 killer bees.

Vanquished Creatures
  2 phantoms
  A black bear (D:6)
  4 ogres
  A centaur (D:6)
  Blork the orc (D:5)
  A bullfrog (D:6)
  A scorpion (D:4)
  3 killer bees (D:6)
  2 howler monkeys (D:5)
  A crimson imp (D:5)
  A jelly (D:5)
  A hound (D:4)
  3 orc wizards
  Ijyb (D:3)
  An iguana (D:4)
  A worker ant (D:5)
  3 gnolls (D:5)
  6 adders
  6 worms
  2 dart slugs
  3 leopard geckos (D:3)
  9 orcs
  3 ball pythons
  7 giant cockroaches
  5 goblins
  8 hobgoblins
  13 jackals
  8 kobolds
  3 quokkas
  9 bats
  2 frilled lizards
  A leopard gecko skeleton (D:4)
  4 rats
117 creatures vanquished.

Vanquished Creatures (others)
  2 orcs (D:3)
  A hobgoblin (D:3)
  A jackal (D:3)
4 creatures vanquished.

Grand Total: 121 creatures vanquished

Notes
Turn   | Place    | Note
-------+----------+-------------------------------------------
     0 | D:1      | Leszczynek the Vampire Wanderer began the quest for the Orb.
     0 | D:1      | Leszczynek set off with: a +2 hand axe, a +0 falchion, a potion of curing, a +0 robe, a potion of blood {@q0}
     0 | D:1      | Reached XP level 1. HP: 17/17 MP: 1/1
     0 | D:1      | +2 hand axe
     0 | D:1      | okay why not
     0 | D:1      | it's only -1
     0 | D:1      | 13/13/12 stats, so +6/+3/+3
     0 | D:1      | isn't it a lot?
    23 | D:1      | Reached skill level 2 in Axes
   294 | D:1      | Reached XP level 2. HP: 23/23 MP: 2/2
   675 | D:1      | Reached skill level 3 in Axes
   953 | D:1      | Reached XP level 3. HP: 28/28 MP: 3/3
  2118 | D:2      | Reached XP level 4. HP: 30/34 MP: 4/4
  2189 | D:2      | Reached skill level 4 in Axes
  2407 | D:2      | Found a runed door.
  2487 | D:3      | Found a radiant altar of Vehumet.
  2525 | D:3      | Noticed Ijyb
  2537 | D:3      | Killed Ijyb
  2846 | D:3      | Reached skill level 5 in Axes
  2846 | D:3      | Reached XP level 5. HP: 23/39 MP: 5/5
  3419 | D:4      | Found a hide-covered altar of Uskayaw.
  3422 | D:4      | Noticed a hand axe
  3422 | D:4      | Noticed a dagger
  3444 | D:4      | D:3 HW wand, D:4 +5 AC ring
  3444 | D:4      | damn son
  3959 | D:4      | Noticed an ogre
  3974 | D:4      | Killed an ogre
  3974 | D:4      | Reached skill level 6 in Axes
  3974 | D:4      | Reached XP level 6. HP: 46/46 MP: 6/6
  4737 | D:4      | Reached skill level 7 in Axes
  4737 | D:4      | Reached XP level 7. HP: 44/51 MP: 7/7
  4846 | D:5      | Entered Level 5 of the Dungeon
  4934 | D:4      | Found a shimmering altar of Xom.
  5119 | D:5      | Found a staircase to the Ecumenical Temple.
  5134 | Temple   | Entered the Ecumenical Temple
  5207 | Temple   | Became a worshipper of Warmaster Okawaru
  5376 | D:5      | Found a glowing silver altar of Zin.
  5380 | D:5      | Found a sacrificial altar of Ru.
  5441 | D:5      | Noticed Blork the orc
  5471 | D:6      | Reached skill level 8 in Axes
  5702 | D:6      | Reached * piety under Okawaru
  5702 | D:6      | Reached skill level 3 in Fighting
  5787 | D:5      | Killed Blork the orc
  5787 | D:5      | Reached XP level 8. HP: 58/58 MP: 5/8
  6420 | D:5      | Reached skill level 4 in Fighting
  6679 | D:6      | Reached skill level 5 in Fighting
  6687 | D:6      | HP: 6/62 [killer bee (5)]
  6689 | D:6      | HP: 1/62 [killer bee (4)]
  6689 | D:6      | Slain by a killer bee

Vault maps used:
D:1:      scummos_arrival_star
D:2:      st_stairs_12, uniq_crazy_yiuf_cottage
D:3:      fiery_altar_vehumet, grunt_ministairs_10, minivault_4, uniq_iyjb
D:4:      dancing_weapons_uskayaw, tgw_xom, first_bread, grunt_decor_fettered,
          st_stairs_10
D:5:      grunt_temple_overflow_open, uniq_blork_the_orc
D:6:      kennysheep_mini_moat, serial_corexii_hall, corexii_hall_statues_x,
          corexii_hall_statues_i
Temple:   jpeg_temple_alley_garden

Skill      XL: |  1  2  3  4  5  6  7  8 |
---------------+-------------------------+-----
Axes           | 2 3 5 6 7 8 |  8.8
Fighting       | 3 5 |  5.3
Armour         | |  1.0
Dodging        | |  2.1
Stealth        | |  1.5
Shields        | |  1.0

Action                   |  1- 3 |  4- 6 |  7- 9 || total
-------------------------+-------+-------+-------++-------
Melee: Hand axe          |   145 |   206 |   116 ||   467
       Bite              |    11 |    18 |     3 ||    32
       War axe           |       |       |    23 ||    23
Invok: Heroism           |       |       |     2 ||     2
 Abil: End Transformatio |       |     1 |     1 ||     2
       Bat Form          |       |     1 |     1 ||     2
Evoke: Wand              |       |     4 |     6 ||    10
  Use: Potion            |     3 |     6 |     7 ||    16
       Scroll            |       |     7 |     7 ||    14
 Stab: Sleeping          |     4 |     7 |       ||    11
Armor: Robe              |    19 |       |       ||    19
       Leather armour    |    22 |    18 |       ||    40
       Ring mail         |       |    51 |    92 ||   143
Dodge: Dodged            |    95 |   100 |   122 ||   317
